[Event "Titled Tuesday Blitz February 07 Early 2023"]
[White "Manukyan, Sargis A."]
[Black "Alexakis, Dimitris"]
[WhiteFideId "13303970"]
[BlackFideId "4277023"]
[WhiteElo "2158"]
[BlackElo "2436"]
[Result "1-0"]
[Round "05"]
[TimeControl "180+2"]
[Date "2023.02.07"]
[WhiteClock "0:00:08"]
[BlackClock "0:00:03"]

1. d4 Nf6 2. c4 e6 3. Nc3 Bb4 4. a3 Bxc3+ 5. bxc3 Ne4 6. e3 f5 7. Qc2 b6 8. Bd3 Bb7 9. Ne2 d6 10. O-O Nd7 11. f3 Nef6 12. e4 fxe4 13. fxe4 e5 14. a4 a5 15. Ba3 O-O 16. c5 bxc5 17. Qb3+ Kh8 18. Qxb7 cxd4 19. cxd4 Rb8 20. Qc6 exd4 21. Nxd4 Ne5 22. Qc2 Nfg4 23. Rxf8+ Qxf8 24. h3 Qf4 25. hxg4 Qe3+ 26. Qf2 Qxd3 27. Rf1 h6 28. Bc1 Nxg4 29. Qd2 Qxe4 30. Nf3 Qxa4 31. Bb2 Qb5 32. Qd4 Qxb2 33. Qxg4 Rf8 34. Qd7 a4 35. Qxa4 c5 36. Qe4 Qf6 37. Rd1 Rc8 38. Qd5 Rd8 39. Rb1 Qf4 40. Rb7 Qe3+ 41. Kh1 Qc1+ 42. Kh2 Qf4+ 43. Kg1 c4 44. Rc7 Qc1+ 45. Kf2 c3 46. Qd3 Rb8 47. Rxc3 Qf4 48. Rc2 h5 49. Rd2 Rd8 50. Qd5 h4 51. Rd4 Qg3+ 52. Kf1 g5 53. Re4 Rf8 54. Qd4+ Kg8 55. Rg4 Rxf3+ 56. gxf3 Qxf3+ 57. Ke1 Qh1+ 58. Kd2 Qh2+ 59. Kc3 Qh3+ 60. Kb4 Kf7 61. Rxg5 Ke7 62. Rg7+ Ke8 63. Qe4+ 1-0


[Site "https://www.chess.com"]

[Event "Titled Tuesday Blitz February 07 Early 2023"]
[White "Suder, Jakub"]
[Black "Pakleza, Zbigniew"]
[WhiteFideId "1195310"]
[BlackFideId "1119290"]
[WhiteElo "2244"]
[BlackElo "2494"]
[Result "0-1"]
[Round "05"]
[TimeControl "180+2"]
[Date "2023.02.07"]
[WhiteClock "0:00:02"]
[BlackClock "0:00:05"]

1. d4 d6 2. Nf3 Bg4 3. Nbd2 Nf6 4. c3 e6 5. e4 Be7 6. Bd3 d5 7. e5 Nfd7 8. Qc2 h6 9. Ng1 g6 10. Nf1 Bf5 11. Bxf5 gxf5 12. b4 a5 13. b5 c5 14. bxc6 Nxc6 15. Ne2 Qc7 16. Qd3 a4 17. h3 h5 18. h4 Nb6 19. Bg5 Nc4 20. Nfg3 Bxg5 21. hxg5 h4 22. Nf4 O-O-O 23. Nge2 Kb8 24. g6 Rdg8 25. f3 Qe7 26. gxf7 Qxf7 27. Kf2 Rh7 28. Rh2 Rgh8 29. Rah1 Kc7 30. Qd1 b5 31. Qb1 Kb6 32. Nd3 Qe7 33. Qc1 Qa3 34. Qxa3 Nxa3 35. Nc5 Rh6 36. Nf4 b4 37. Ncxe6 bxc3 38. Nxd5+ Ka5 39. Nc5 c2 40. Rc1 Nxd4 41. Rhh1 h3 42. gxh3 Rxh3 43. Rxh3 Rxh3 44. Kg2 Rxf3 45. e6 Nxe6 46. Nxe6 Rd3 47. Ndf4 Rd1 48. Ne2 Kb4 49. N6d4 Kc4 50. Nxc2 Rxc1 51. Nxa3+ Kb4 52. Nxc1 Kxa3 53. Nd3 Kxa2 54. Kf3 a3 55. Ke3 Kb3 56. Nc1+ Kc3 57. Na2+ Kc2 58. Nb4+ Kb3 59. Nd3 Kc3 60. Nc1 Kc2 61. Nd3 f4+ 62. Ke4 f3 63. Nb4+ Kb3 64. Nd3 f2 0-1


[Site "https://www.chess.com"]

[Event "Titled Tuesday Blitz February 07 Early 2023"]
[White "Horobetz, Graham"]
[Black "Borges Feria, Yasel"]
[WhiteFideId "2047322"]
[BlackFideId "3504921"]
[WhiteElo "2140"]
[BlackElo "2439"]
[Result "0-1"]
[Round "05"]
[TimeControl "180+2"]
[Date "2023.02.07"]
[WhiteClock "0:00:38"]
[BlackClock "0:00:45"]

1. e4 e5 2. Nf3 Nc6 3. Bb5 a6 4. Ba4 Nf6 5. O-O Be7 6. Re1 b5 7. Bb3 d6 8. c3 O-O 9. a4 Bg4 10. h3 Bh5 11. d3 Re8 12. Nbd2 b4 13. a5 bxc3 14. bxc3 Na7 15. c4 Nd7 16. Ba4 c6 17. g4 Bg6 18. Nf1 Nc5 19. Be3 Qc7 20. Ng3 Rab8 21. Bxc5 dxc5 22. h4 f6 23. h5 Bf7 24. Nf5 Bf8 25. Qc1 Red8 26. Bc2 Nc8 27. Kg2 h6 28. N3h4 Nd6 29. Nxd6 Bxd6 30. Nf5 Bf8 31. Qa3 Rb4 32. Reb1 Rdb8 33. Qc3 R8b7 34. f3 Qb8 35. Kg3 Rxb1 0-1


[Site "https://www.chess.com"]

[Event "Titled Tuesday Blitz February 07 Early 2023"]
[White "Paichadze, Luka"]
[Black "Gascon Del Nogal, Jose Rafael"]
[WhiteFideId "13602934"]
[BlackFideId "3902463"]
[WhiteElo "2515"]
[BlackElo "2459"]
[Result "1/2-1/2"]
[Round "05"]
[TimeControl "180+2"]
[Date "2023.02.07"]
[WhiteClock "0:00:07"]
[BlackClock "0:00:03"]

1. e4 c5 2. Nf3 d6 3. d4 cxd4 4. Qxd4 Nc6 5. Bb5 a6 6. Bxc6+ bxc6 7. O-O e5 8. Qa4 Bd7 9. c4 c5 10. Qc2 Ne7 11. Nc3 Nc6 12. Bg5 Be7 13. Bxe7 Qxe7 14. Nd5 Qd8 15. Qd2 O-O 16. b3 a5 17. h3 Be6 18. Rae1 h6 19. Re3 a4 20. Rd3 axb3 21. axb3 Nd4 22. Nxd4 exd4 23. Rg3 Kh8 24. Nf4 Qe7 25. Nh5 Rg8 26. f4 f5 27. Qe2 Qh4 28. Rg6 Bf7 29. exf5 Bxg6 30. fxg6 Rae8 31. Qd1 Re3 32. f5 Rge8 33. Kh2 Re1 34. Rxe1 Qxe1 35. Qf3 Qe5+ 36. Ng3 Rf8 37. h4 Kg8 38. Kh3 Re8 39. Qc6 d3 40. f6 Qe6+ 41. Kh2 gxf6 42. Nh5 d2 43. Nxf6+ Qxf6 44. Qxe8+ Kg7 45. Qd7+ Kxg6 46. Qg4+ Kh7 47. Qd7+ Qg7 48. Qf5+ Qg6 49. Qd7+ Kh8 50. Qd8+ Kg7 51. Qe7+ Kh8 52. Qd8+ Kh7 53. Qe7+ Qg7 54. Qxd6 Qd4 55. Qe7+ Kg6 56. Qe6+ Kg7 57. Qe7+ Kg6 58. Qe6+ Kg7 59. Qe7+ Kg8 60. Qe8+ Kg7 61. Qe7+ 1/2-1/2


[Site "https://www.chess.com"]

[Event "Titled Tuesday Blitz February 07 Early 2023"]
[White "Lobanov, Sergei"]
[Black "Martinez Ramirez, Lennis"]
[WhiteFideId "24183750"]
[BlackFideId "3509079"]
[WhiteElo "2536"]
[BlackElo "2426"]
[Result "1-0"]
[Round "05"]
[TimeControl "180+2"]
[Date "2023.02.07"]
[WhiteClock "0:00:17"]
[BlackClock "0:00:24"]

1. e4 c5 2. Nf3 d6 3. d4 cxd4 4. Nxd4 Nf6 5. Nc3 a6 6. f3 e5 7. Nb3 Be6 8. Be3 h5 9. Nd5 Nxd5 10. exd5 Bf5 11. Bd3 Bxd3 12. Qxd3 Nd7 13. O-O-O Be7 14. Kb1 b5 15. g4 h4 16. Bd2 Nc5 17. Nxc5 dxc5 18. Bc3 Bd6 19. Rhe1 Qf6 20. Qf5 Qxf5 21. gxf5 f6 22. f4 Kd7 23. fxe5 fxe5 24. Bxe5 Bxe5 25. Rxe5 Rae8 26. Re6 Rhf8 27. Rg1 Rxe6 28. fxe6+ Kd6 29. b3 Kxd5 30. e7 Re8 31. Rxg7 Kd6 32. Rh7 Rxe7 33. Rxh4 Re6 34. Kb2 Kc6 35. a4 b4 36. Rh8 Kb6 37. h4 Re4 38. h5 c4 39. bxc4 Rxc4 40. h6 Rh4 41. Kb3 Kb7 42. a5 Ka7 43. Ka4 Kb7 44. Rg8 Rxh6 45. Rg7+ Kc6 46. Rg4 Rh2 47. Rc4+ Kd5 48. Kxb4 Rh8 49. Rc5+ Kd6 50. Rg5 Rb8+ 51. Ka4 Rb1 52. Rg6+ Kc5 53. Rxa6 Ra1+ 54. Kb3 Kb5 55. Ra8 Rxa5 56. Rxa5+ Kxa5 57. Kc4 Kb6 58. Kd5 Kc7 59. Kc5 Kd7 60. Kb6 Kd6 61. c4 Kd7 62. c5 Kc8 63. Kc6 Kd8 64. Kb7 Kd7 65. c6+ Ke7 66. c7 Kd6 67. c8=Q Kd5 68. Qc7 Kd4 69. Qc6 Kd3 70. Qc5 Ke4 71. Kc7 Kd3 72. Qb4 Ke3 73. Qc4 Kf3 74. Qd4 Kg3 75. Qe4 Kf2 76. Qd3 Kg2 77. Qe3 Kf1 78. Qd2 Kg1 79. Qe2 Kh1 80. Kd6 Kg1 81. Ke5 Kh1 82. Kf4 1-0


[Site "https://www.chess.com"]

[Event "Titled Tuesday Blitz February 07 Early 2023"]
[White "tuschessCM1"]
[Black "Galchenko, Matvey"]
[BlackFideId "24175480"]
[WhiteElo "2638"]
[BlackElo "2438"]
[Result "0-1"]
[Round "05"]
[TimeControl "180+2"]
[Date "2023.02.07"]
[WhiteClock "0:00:07"]
[BlackClock "0:00:09"]

1. c4 e6 2. Nf3 d5 3. e3 Nf6 4. b3 dxc4 5. bxc4 c5 6. Nc3 b6 7. Bb2 Bb7 8. Be2 Be7 9. O-O O-O 10. Qc2 Nc6 11. Rfd1 Qc8 12. a3 Rd8 13. h3 Na5 14. Ne5 Ne8 15. f4 Nd6 16. d3 a6 17. a4 Nf5 18. Bc1 Nc6 19. Nxc6 Bxc6 20. Ne4 Qc7 21. Bf3 Nh4 22. Bb2 f6 23. Qf2 Nxf3+ 24. gxf3 b5 25. axb5 axb5 26. Rxa8 Rxa8 27. cxb5 Bxb5 28. Qg3 Kh8 29. Qg4 Bd7 30. Qh5 Qb6 31. Bc3 c4 32. dxc4 Qxe3+ 33. Kg2 Bc6 34. Re1 Qxf4 35. Bd2 Ra2 36. Re2 Qb8 37. Qf7 Qf8 38. Qxf8+ Bxf8 39. Kf2 e5 40. Be3 Ra4 41. Rc2 Kg8 42. Ke2 Kf7 43. Kd3 Ra3+ 44. Rc3 Ra1 45. Rc2 Rd1+ 46. Ke2 Rh1 47. Nf2 Ra1 48. Nd3 Ra8 49. Bc5 e4 50. fxe4 Bxe4 51. Bxf8 Rxf8 52. Ke3 Bg6 53. Rc3 Re8+ 54. Kf2 Rc8 55. Nf4 Be4 56. Ke3 f5 57. Kd4 g5 58. Ne2 Bb7 59. Rb3 Bc6 60. Ra3 f4 61. Ra5 Kg6 62. h4 h6 63. Re5 Bf3 64. hxg5 hxg5 65. Nc3 g4 66. Ne4 Rd8+ 67. Kc5 g3 68. Rg5+ Kh6 69. Re5 Bxe4 70. Rxe4 g2 71. Re1 f3 72. Rg1 f2 73. Rxg2 f1=Q 74. Rh2+ Kg5 0-1


[Site "https://www.chess.com"]

[Event "Titled Tuesday Blitz February 07 Early 2023"]
[White "Acor, Corey"]
[Black "Panesso Rivera, Henry"]
[WhiteFideId "2024861"]
[BlackFideId "4402707"]
[WhiteElo "2216"]
[BlackElo "2342"]
[Result "0-1"]
[Round "05"]
[TimeControl "180+2"]
[Date "2023.02.07"]
[WhiteClock "0:00:03"]
[BlackClock "0:00:06"]

1. e4 d6 2. Nc3 Nf6 3. g3 c5 4. Bg2 Nc6 5. d3 g6 6. h3 Bg7 7. Be3 e5 8. f4 Nd4 9. Nf3 Nh5 10. Bxd4 cxd4 11. Ne2 Bh6 12. fxe5 dxe5 13. O-O f6 14. Kh2 Be3 15. c3 dxc3 16. Nxc3 Be6 17. Qe2 Bd4 18. Nd5 Bc5 19. Rac1 Bd6 20. Nh4 O-O 21. Nf5 Bxd5 22. exd5 Kh8 23. Qg4 Ng7 24. Ne3 f5 25. Qa4 f4 26. Ng4 h5 27. Nh6 Qg5 28. gxf4 exf4 29. Bf3 Qxh6 30. Rg1 g5 31. Qd4 Rae8 32. Rcf1 Re3 33. Be4 Be5 34. Qxe3 fxe3+ 35. Kh1 Rxf1 36. Rxf1 Bf4 37. Rc1 Ne8 38. Rc8 Qf8 39. Kg2 e2 40. Kf2 e1=Q+ 41. Kxe1 Be3 42. Kd1 Qf1+ 43. Kc2 Qc1+ 44. Kb3 Qxc8 45. Bf5 Qxf5 0-1


[Site "https://www.chess.com"]

[Event "Titled Tuesday Blitz February 07 Early 2023"]
[White "Rakhmatullaev, Almas"]
[Black "Seemann, Jakub"]
[WhiteFideId "14205793"]
[BlackFideId "21874697"]
[WhiteElo "2275"]
[BlackElo "2446"]
[Result "0-1"]
[Round "05"]
[TimeControl "180+2"]
[Date "2023.02.07"]
[WhiteClock "0:00:03"]
[BlackClock "0:00:05"]

1. e4 e6 2. d4 d5 3. Nc3 Nf6 4. Bg5 dxe4 5. Nxe4 Nbd7 6. Nf3 h6 7. Bxf6 Nxf6 8. Bd3 c5 9. dxc5 Nxe4 10. Bxe4 Bxc5 11. Qxd8+ Kxd8 12. Rd1+ Ke7 13. c3 Rb8 14. O-O Bd7 15. b4 Bb6 16. c4 Rhd8 17. c5 Bc7 18. g3 f5 19. Bc2 Bc6 20. Nd4 Bd5 21. Rfe1 Kf6 22. Bb3 Bxb3 23. axb3 Be5 24. Ne2 g5 25. Kg2 Bb2 26. h4 e5 27. hxg5+ hxg5 28. Rh1 Kg6 29. b5 e4 30. c6 bxc6 31. bxc6 Rbc8 32. Rd7 Rxd7 33. cxd7 Rd8 34. Rd1 Kf6 35. Rd6+ Ke7 36. Rg6 Bf6 37. g4 f4 38. f3 Kf7 39. Rh6 Kg7 40. Rh1 exf3+ 41. Kxf3 Rxd7 42. Ke4 Re7+ 43. Kf3 Re3+ 44. Kf2 Rxb3 45. Rd1 Rb7 46. Kf3 Re7 47. Ng1 a5 48. Rd5 a4 49. Ra5 Re3+ 50. Kf2 Re4 51. Kf3 Rb4 52. Ne2 Rb3+ 53. Kf2 a3 54. Nc1 Rb2+ 55. Kf3 Rc2 56. Nd3 Rc3 57. Ke4 f3 58. Ra7+ Kg6 59. Ra6 Kf7 60. Ra7+ Ke6 61. Ra6+ Ke7 62. Ra7+ Ke6 63. Ra6+ Kf7 64. Ra7+ Kg8 65. Ra6 Bg7 66. Nf2 Rb3 67. Nd3 f2 68. Nxf2 Rb2 69. Nd3 Re2+ 70. Kf5 a2 71. Nc1 Rf2+ 72. Kg6 a1=Q 73. Rxa1 Bxa1 74. Nd3 Rf3 75. Nc5 Bd4 76. Ne6 Rf6+ 0-1


[Site "https://www.chess.com"]

[Event "Titled Tuesday Blitz February 07 Early 2023"]
[White "Kukhmazov, Arsen"]
[Black "Shapiro, Viktor"]
[WhiteFideId "24108260"]
[BlackFideId "4175700"]
[WhiteElo "2512"]
[BlackElo "2192"]
[Result "1-0"]
[Round "05"]
[TimeControl "180+2"]
[Date "2023.02.07"]
[WhiteClock "0:00:36"]
[BlackClock "0:00:11"]

1. b3 Nf6 2. Bb2 d5 3. e3 Bf5 4. f4 e6 5. Nf3 Nbd7 6. Bd3 Bxd3 7. cxd3 Be7 8. O-O O-O 9. Qe2 a5 10. Nc3 Nc5 11. Ne5 a4 12. bxa4 Nxa4 13. Nxa4 Rxa4 14. f5 Bd6 15. d4 Qe7 16. Ng4 Nxg4 17. Qxg4 exf5 18. Qxf5 Qe6 19. Qc2 Rfa8 20. Bc3 b5 21. Qb3 b4 22. Bb2 h5 23. Rf3 c6 24. d3 h4 25. h3 Qg6 26. Kh1 R4a7 27. Kg1 Qe6 28. Kf1 f6 29. e4 Ra3 30. Bxa3 Rxa3 31. exd5 cxd5 32. Qc2 b3 33. Qb2 bxa2 34. Rxa2 Rxa2 35. Qxa2 Bf8 36. Qe2 Qc6 37. Re3 Bd6 38. Re8+ Bf8 39. Qe6+ Qxe6 40. Rxe6 Kf7 41. Ra6 Bb4 42. Ke2 Bc3 43. Ke3 Be1 44. Rd6 Bg3 45. Rxd5 g5 46. Ke4 Ke6 47. Rf5 Bf4 48. d5+ Ke7 49. Rxf4 gxf4 50. Kxf4 1-0


[Site "https://www.chess.com"]

[Event "Titled Tuesday Blitz February 07 Early 2023"]
[White "Fier, Alexandr"]
[Black "Korchmar, Vasiliy"]
[WhiteFideId "2107139"]
[BlackFideId "24131750"]
[WhiteElo "2589"]
[BlackElo "2438"]
[Result "1-0"]
[Round "05"]
[TimeControl "180+2"]
[Date "2023.02.07"]
[WhiteClock "0:02:07"]
[BlackClock "0:00:51"]

1. d4 d5 2. c4 c6 3. cxd5 cxd5 4. Bf4 Nf6 5. e3 Nc6 6. Nc3 a6 7. Be2 Bf5 8. g4 Be6 9. h4 h6 10. Bf3 g6 11. g5 hxg5 12. hxg5 Rxh1 13. Bxh1 Nh5 14. Bh2 Ng7 15. Nge2 Bg4 16. Nxd5 Ne6 17. Qb3 Qa5+ 18. Nec3 b5 19. Nf6+ exf6 20. Bxc6+ Kd8 21. Bxa8 Nxg5 22. Qd5+ 1-0


[Site "https://www.chess.com"]

[Event "Titled Tuesday Blitz February 07 Early 2023"]
[White "Tan, Jun Ying"]
[Black "Pulpan, Jakub"]
[WhiteFideId "5710413"]
[BlackFideId "302759"]
[WhiteElo "2307"]
[BlackElo "2427"]
[Result "0-1"]
[Round "05"]
[TimeControl "180+2"]
[Date "2023.02.07"]
[WhiteClock "0:00:01"]
[BlackClock "0:00:05"]

1. d4 Nf6 2. c4 e6 3. Nc3 d5 4. cxd5 Nxd5 5. e4 Nxc3 6. bxc3 c5 7. Nf3 cxd4 8. cxd4 Bb4+ 9. Bd2 Bxd2+ 10. Qxd2 O-O 11. Rc1 Nc6 12. Bc4 Qa5 13. Qxa5 Nxa5 14. Bd3 b6 15. Ke2 Bb7 16. Rc7 Rfc8 17. Rhc1 Rxc7 18. Rxc7 Rc8 19. Rd7 f6 20. d5 exd5 21. exd5 Kf8 22. Nd4 Ke8 23. Bb5 Ba6 24. Rxa7+ Bxb5+ 25. Nxb5 Rc2+ 26. Kf3 Rxa2 27. Rxg7 Nc4 28. d6 Kd8 29. Rxh7 Rb2 30. Nd4 Nxd6 31. Rh6 Ke7 32. Rh7+ Ke8 33. h4 Nf7 34. Rh5 Rb4 35. Nc6 Rc4 36. Na7 Ne5+ 37. Kg3 Rc7 38. Nb5 Rg7+ 39. Kh3 Kd7 40. Rf5 Ke6 41. Rf4 Rd7 42. Nd4+ Kf7 43. Nf5 Ke6 44. Ne3 b5 45. Rb4 Rb7 46. Rb3 b4 47. h5 Nc6 48. g4 Nd4 49. Rb2 b3 50. f4 Rc7 51. Kh4 Rc1 52. g5 Rh1+ 53. Kg4 f5+ 54. Kg3 Rxh5 55. Rd2 Rh1 56. Rxd4 b2 57. Rb4 b1=Q 58. Rxb1 Rxb1 59. Ng2 Kd5 60. Ne3+ Ke4 61. Ng2 Rb3+ 62. Kh4 Kf3 63. Ne1+ Kxf4 64. g6 Rb1 65. Nd3+ Ke4 66. Nf2+ Ke3 67. Nh3 f4 68. g7 Rb8 69. Kg5 f3 70. Kg6 Rb6+ 71. Kh7 Rb4 72. g8=Q Rh4+ 73. Kg7 Rxh3 74. Qe8+ Kf2 75. Qb5 Kg2 76. Qb2+ f2 77. Qb7+ Rf3 78. Qb2 Kg1 79. Qb6 Kh2 0-1


[Site "https://www.chess.com"]

[Event "Titled Tuesday Blitz February 07 Early 2023"]
[White "Iniyan, P"]
[Black "Plazuelo Pascual, Juan"]
[WhiteFideId "25002767"]
[BlackFideId "32059566"]
[WhiteElo "2525"]
[BlackElo "2449"]
[Result "1-0"]
[Round "05"]
[TimeControl "180+2"]
[Date "2023.02.07"]
[WhiteClock "0:00:13"]
[BlackClock "0:00:05"]

1. b3 e5 2. Bb2 Nc6 3. c4 g6 4. g3 Bg7 5. Bg2 d6 6. Nf3 Nge7 7. O-O O-O 8. Nc3 h6 9. a3 Be6 10. d3 Qd7 11. Re1 Bh3 12. Bh1 a5 13. Nd5 Nxd5 14. cxd5 Ne7 15. Nd2 c6 16. dxc6 bxc6 17. Qc2 Ra7 18. b4 axb4 19. axb4 Rb7 20. Bc3 Nd5 21. Bxd5 cxd5 22. Nb3 Rc8 23. Qd2 Rbc7 24. Rec1 d4 25. Bb2 Qe6 26. Na5 h5 27. Rxc7 Rxc7 28. Rc1 Rxc1+ 29. Bxc1 e4 30. dxe4 Qxe4 31. f3 Qb1 32. Nc6 Kh7 33. Kf2 Bd7 34. Ne7 d3 35. exd3 Bb5 36. Ke2 Qb3 37. Qe3 d5 38. Bd2 d4 39. Qe4 Bd7 40. Nd5 Be6 41. Nf4 Qa2 42. Nxe6 fxe6 43. f4 e5 44. f5 gxf5 45. Qxf5+ Kg8 46. Qc8+ Kh7 47. Qf5+ Kg8 48. Qxh5 Qd5 49. Qe8+ Kh7 50. Qh5+ Kg8 51. Qf3 Qb5 52. g4 Bf8 53. Qf5 Bxb4 54. Bxb4 Qxb4 55. Qg5+ Kf7 56. Qxe5 Qb2+ 57. Kf3 Qc3 58. Qf5+ Kg7 59. h4 Qd2 60. Qg5+ Qxg5 61. hxg5 Kg6 62. Kf4 1-0


[Site "https://www.chess.com"]

[Event "Titled Tuesday Blitz February 07 Early 2023"]
[White "Olenik Campa, Rudi"]
[Black "Zemlyanskii, Ivan"]
[WhiteFideId "14633264"]
[BlackFideId "24249971"]
[WhiteElo "2356"]
[BlackElo "2300"]
[Result "0-1"]
[Round "05"]
[TimeControl "180+2"]
[Date "2023.02.07"]
[WhiteClock "0:00:06"]
[BlackClock "0:00:08"]

1. e4 Nc6 2. Nf3 d5 3. exd5 Qxd5 4. Nc3 Qd6 5. d4 Nf6 6. Bb5 a6 7. Be2 Bf5 8. O-O e6 9. Bg5 Be7 10. a3 O-O 11. Bd3 Bg4 12. Bxf6 Bxf6 13. Ne4 Qe7 14. c3 Rfd8 15. h3 Bf5 16. Nxf6+ Qxf6 17. Bxf5 Qxf5 18. Qe2 b5 19. Rad1 Qd5 20. Ne5 Nxe5 21. dxe5 Qb3 22. f4 h6 23. Kh1 a5 24. Kg1 b4 25. axb4 axb4 26. Rxd8+ Rxd8 27. Qb5 Qxb2 28. cxb4 Rd2 29. Qc6 Rc2 30. Qa8+ Kh7 31. Qe4+ g6 32. b5 Rd2 33. Qc6 Rc2 34. Qe4 Rc5 35. h4 Qxb5 36. h5 Qc6 37. hxg6+ fxg6 38. Qxc6 Rxc6 39. Kf2 g5 40. fxg5 hxg5 41. g4 Rc5 42. Re1 Kg6 43. Kf3 Rd5 44. Rc1 c5 45. Ke4 Rd4+ 46. Kf3 Rf4+ 47. Kg3 c4 48. Rc3 Kf7 49. Rc1 Ke7 50. Rd1 c3 51. Rc1 Rc4 52. Kf3 Kd7 53. Ke3 Kc6 54. Kd3 Kd5 55. Re1 c2 56. Kd2 c1=Q+ 57. Rxc1 Rxc1 58. Kxc1 Kxe5 0-1


[Site "https://www.chess.com"]

[Event "Titled Tuesday Blitz February 07 Early 2023"]
[White "Ladan, Nicholas"]
[Black "Beerdsen, Thomas"]
[WhiteFideId "30918855"]
[BlackFideId "1030108"]
[WhiteElo "2228"]
[BlackElo "2507"]
[Result "0-1"]
[Round "05"]
[TimeControl "180+2"]
[Date "2023.02.07"]
[WhiteClock "0:00:06"]
[BlackClock "0:00:05"]

1. d4 Nf6 2. Bf4 g6 3. Nc3 c6 4. e4 d5 5. e5 Nh5 6. Be3 Ng7 7. Bd3 Nf5 8. Qd2 Nxe3 9. Qxe3 b5 10. f4 b4 11. Nce2 e6 12. Nf3 Qb6 13. c3 c5 14. O-O Nc6 15. Rad1 a5 16. Bb1 Ba6 17. Rf2 Rb8 18. h4 a4 19. h5 a3 20. Ng5 axb2 21. Qh3 Bg7 22. f5 gxf5 23. h6 Bf8 24. Qh5 Nd8 25. Nf4 Rb7 26. Bxf5 exf5 27. e6 bxc3 28. Nxd5 b1=Q 29. Nf6+ Ke7 30. Nd5+ Kd6 31. Nxc3 Qxd1+ 32. Qxd1 cxd4 33. Rd2 Nxe6 34. Nxe6 Kxe6 35. Rxd4 Bc5 36. Qe1+ Kf6 37. Nd5+ Kg6 38. Nxb6 Bxd4+ 39. Kh2 Rxb6 40. Qg3+ Kxh6 41. Qh4+ Kg6 42. Qxd4 Rhb8 43. a4 Re6 44. a5 Rb5 45. Qd8 h5 46. Qg8+ Kf6 47. Qh8+ Ke7 48. Qxh5 Rxa5 49. Qg5+ Kd7 50. Qd2+ Rd5 51. Qxd5+ Ke7 52. Qxf5 Ke8 53. Qc5 Kd7 54. Qa7+ Ke8 55. Qb8+ Ke7 56. Kh3 Be2 57. Qc7+ Kf6 58. Qf4+ Kg6 59. Kh4 f5 60. Qg5+ Kf7 61. Qxf5+ Ke7 62. Qh7+ Kd6 63. Qf5 Bc4 64. Qf4+ Kd5 65. g4 Re4 66. Qf5+ Kd4 67. Kh5 Be6 68. Qf2+ Ke5 69. g5 Rf4 70. Qe3+ Re4 71. Qc3+ Kf4 72. Qf6+ Bf5 73. g6 Re3 74. Kh6 Rh3+ 75. Kg7 Rg3 76. Qd6+ Kf3 77. Qa3+ Kg2 78. Qa8+ Kh3 79. Kf6 Bxg6 80. Qh8+ Kg2 81. Qa8+ Kh2 82. Qa2+ Kh3 83. Qa1 Be4 84. Qf1+ Bg2 85. Qd1 Rf3+ 86. Kg5 Rg3+ 87. Kh5 Bf3+ 88. Qxf3 Rxf3 89. Kg5 Kg3 90. Kh5 Rf4 91. Kg6 Kg4 92. Kh6 Rf6+ 93. Kg7 Kg5 94. Kh7 Rf7+ 95. Kg8 Kg6 96. Kh8 Rf8# 0-1


[Site "https://www.chess.com"]

[Event "Titled Tuesday Blitz February 07 Early 2023"]
[White "Ilkhomi, Jaloliddin"]
[Black "Salimova, Nurgyul"]
[WhiteFideId "14700948"]
[BlackFideId "2915138"]
[WhiteElo "1997"]
[BlackElo "2391"]
[Result "0-1"]
[Round "05"]
[TimeControl "180+2"]
[Date "2023.02.07"]
[WhiteClock "0:00:09"]
[BlackClock "0:00:11"]

1. d4 Nf6 2. Nf3 d5 3. Bf4 e6 4. e3 Bd6 5. Bg3 O-O 6. Nbd2 c5 7. c3 Qc7 8. Ne5 Nbd7 9. f4 b6 10. Bd3 a5 11. Qf3 Ba6 12. Bc2 b5 13. Bh4 b4 14. Qh3 h6 15. g4 bxc3 16. bxc3 cxd4 17. exd4 Nxe5 18. fxe5 Bxe5 19. g5 Nh5 20. gxh6 Nf4 21. Qf3 Be2 22. Qf2 Qxc3 23. Rc1 Qb2 24. Rb1 Qxc2 25. Qe3 Ng2+ 26. Kxe2 Nxe3 27. Kxe3 Qc3+ 28. Ke2 Qxd4 29. Rhg1 Qxh4 30. hxg7 Rfc8 31. Rb3 Rab8 32. Re3 Bf6 33. Rf3 Rb2 34. h3 Qe4+ 35. Re3 Rxd2+ 36. Kxd2 Rc2+ 37. Kd1 Qxe3 38. Kxc2 Qxg1 39. Kb3 Qxg7 40. Ka4 Qg3 41. h4 Qxh4+ 42. Kb5 Qc4+ 43. Kb6 Qxa2 44. Ka6 d4 45. Kb5 d3 46. Kc6 d2 47. Kd7 d1=Q+ 48. Ke8 Qd8# 0-1


[Site "https://www.chess.com"]

[Event "Titled Tuesday Blitz February 07 Early 2023"]
[White "Shipov, Sergei"]
[Black "Ljukin, Sergei"]
[WhiteFideId "4113624"]
[BlackFideId "14102200"]
[WhiteElo "2541"]
[BlackElo "2362"]
[Result "1-0"]
[Round "05"]
[TimeControl "180+2"]
[Date "2023.02.07"]
[WhiteClock "0:01:07"]
[BlackClock "0:00:17"]

1. d4 d5 2. c4 c6 3. Nc3 Nf6 4. Nf3 dxc4 5. a4 Bf5 6. Nh4 Bc8 7. e3 e5 8. Bxc4 exd4 9. exd4 Be7 10. O-O O-O 11. Re1 Na6 12. Bxa6 bxa6 13. Nf3 h6 14. Ne5 Qc7 15. Nxc6 Qxc6 16. Rxe7 Be6 17. Bf4 Rfd8 18. Be5 Ng4 19. Qe2 Nxe5 20. Qxe5 Rab8 21. d5 Bxd5 22. Nxd5 Rb3 23. Ne3 1-0


[Site "https://www.chess.com"]

[Event "Titled Tuesday Blitz February 07 Early 2023"]
[White "Zahid, Sanatan"]
[Black "Pein, Jonathan"]
[WhiteFideId "10201963"]
[BlackFideId "417092"]
[WhiteElo "1930"]
[BlackElo "2265"]
[Result "1-0"]
[Round "05"]
[TimeControl "180+2"]
[Date "2023.02.07"]
[WhiteClock "0:01:10"]
[BlackClock "0:00:37"]

1. d4 d6 2. Nc3 Nf6 3. e4 Nc6 4. f4 e5 5. Nf3 Bg4 6. d5 Nd4 7. Be3 c5 8. dxc6 bxc6 9. Bxd4 exd4 10. Qxd4 Bxf3 11. gxf3 Be7 12. O-O-O O-O 13. Bc4 Qa5 14. Bb3 Nh5 15. Ne2 Nxf4 16. Nxf4 Bg5 17. Qxd6 Rad8 18. Qxc6 Bxf4+ 19. Kb1 Rc8 20. Qd5 Qb6 21. Qf5 Be3 22. Rd7 Kh8 23. Rxf7 Rxf7 24. Qxc8+ Qd8 25. Qxd8+ Rf8 26. Qxf8# 1-0


[Site "https://www.chess.com"]

[Event "Titled Tuesday Blitz February 07 Early 2023"]
[White "Harshavardhan G B"]
[Black "Jaskolka, Tomasz"]
[WhiteFideId "25059009"]
[BlackFideId "1170791"]
[WhiteElo "2408"]
[BlackElo "2238"]
[Result "1-0"]
[Round "05"]
[TimeControl "180+2"]
[Date "2023.02.07"]
[WhiteClock "0:00:29"]
[BlackClock "0:00:09"]

1. d4 d5 2. c4 e5 3. dxe5 d4 4. Nf3 Nc6 5. a3 a5 6. Nbd2 Nge7 7. Nb3 Ng6 8. Nbxd4 Ncxe5 9. e3 Be7 10. Be2 O-O 11. O-O b6 12. b3 Bb7 13. Bb2 Bf6 14. Nxe5 Nxe5 15. f4 Ng6 16. Bf3 Bxf3 17. Qxf3 Qc8 18. Rab1 Re8 19. e4 Nh4 20. Qe2 Bxd4+ 21. Bxd4 c5 22. Bf2 Nf5 23. Rbd1 Qc6 24. Rfe1 a4 25. bxa4 Qxa4 26. Qb2 Nd4 27. Bxd4 cxd4 28. Qxd4 Qxa3 29. Qxb6 h5 30. e5 Rab8 31. Qe3 Rb3 32. Qe2 Rb2 33. Qxh5 Qc5+ 34. Kh1 Qf2 35. Qg4 Rd2 36. Rf1 Rxd1 37. Qxd1 Qe3 38. Qf3 Qd4 39. Qd5 Qe3 40. h3 Rb8 41. c5 Qe2 42. Rg1 Qc2 43. c6 Rb3 44. e6 fxe6 45. Qxe6+ Kh7 46. f5 Rc3 47. Qg6+ Kg8 48. Re1 Re3 49. Rxe3 Qc1+ 50. Kh2 Qxe3 51. Qe6+ Qxe6 52. fxe6 Kf8 53. c7 Ke7 54. c8=Q g5 55. Qd7+ Kf6 56. e7 g4 57. e8=Q g3+ 58. Kxg3 Kg5 59. Qe5+ Kh6 60. Qf6+ Kh5 61. Qh7# 1-0


[Site "https://www.chess.com"]

[Event "Titled Tuesday Blitz February 07 Early 2023"]
[White "Gjestemoen-VonHirsch, Andre"]
[Black "Tatarinov, Dmitry"]
[WhiteFideId "1539531"]
[BlackFideId "24160067"]
[WhiteElo "2314"]
[BlackElo "2310"]
[Result "1-0"]
[Round "05"]
[TimeControl "180+2"]
[Date "2023.02.07"]
[WhiteClock "0:01:09"]
[BlackClock "0:01:43"]

1. d4 Nf6 2. Bf4 d6 3. Nc3 Nc6 4. Nf3 g6 5. e4 Bg7 6. Qd2 O-O 7. Be2 Bg4 8. O-O-O Bxf3 9. Bxf3 e5 10. dxe5 dxe5 11. Be3 Qxd2+ 12. Rxd2 Rfd8 13. Rhd1 Rxd2 14. Rxd2 Rd8 15. Rxd8+ Nxd8 16. Bxa7 b6 17. Bb8 Ne8 18. Nd5 Ne6 19. Bg4 Nc5 20. Nxc7 Nf6 21. Bf3 Nfxe4 22. Nd5 Bh6+ 23. Kd1 Nxf2+ 24. Ke1 e4 25. Kxf2 exf3 26. Kxf3 b5 27. Nf6+ Kf8 28. Bd6+ Kg7 29. Ne8+ 1-0


[Site "https://www.chess.com"]